 Dungeon Crawl Stone Soup version 0.30-a0-458-g86641cc369 (webtiles) character file.

Game seed: 16443638435144279168

70 PyroL the Grasshopper (level 4, 0/38 HPs)
             Began as a Draconian Warper on Dec 14, 2022.
             Slain by an orc wizard
             ... wielding a +0 dagger
              (2 damage)
             ... on level 3 of the Dungeon.
             The game lasted 00:04:35 (1700 turns).

PyroL the Grasshopper (Draconian Warper)            Turns: 1700, Time: 00:04:36

Health: 0/38       AC:  6    Str: 13    XL:     4   Next: 4%
Magic:  7/7        EV: 11    Int: 15    God:
Gold:   177        SH:  3    Dex: 11    Spells: 6/8 levels left

rFire   . . .      SeeInvis .    a - +0 mace
rCold   . . .      Faith    .    n - +0 buckler
rNeg    + . .      Spirit   .    (body armour unavailable)
rPois   .          Reflect  .    (helmet restricted)
rElec   .          Harm     .    (no cloak)
rCorr   .          Rampage  .    i - +0 pair of gloves
Will    .....                    (no boots)
Stlth   +.........               (no amulet)
HPRegen 0.26/turn                q - ring of positive energy
MPRegen 0.10/turn                (no ring)

@: flying
A: AC +5, unfitting armour, cold-blooded
a: no special abilities


You were on level 3 of the Dungeon.
You visited 1 branch of the dungeon, and saw 3 of its levels.

You collected 177 gold pieces.

Inventory:

Hand Weapons
 a - a +0 mace (weapon)
Missiles
 c - 7 boomerangs of dispersal (quivered)
Armour
 i - a +0 pair of gloves (worn)
 n - a +0 buckler (worn)
Jewellery
 q - a ring of positive energy (left hand)
 r - a ring of fire
 u - a ring of resist corrosion
Scrolls
 b - a scroll of blinking
 g - 3 scrolls of fog
 h - a scroll of silence {unknown}
 l - a scroll of enchant armour {unknown}
 t - a scroll of amnesia {unknown}
 v - a scroll of noise {unknown}
 w - a scroll of identify {unknown}
Potions
 d - a potion of ambrosia {unknown}
 e - 2 potions of flight
 f - 2 potions of curing {unknown}
 j - 2 potions of degeneration {unknown}
 k - 2 potions of heal wounds {unknown}
 m - a potion of brilliance {unknown}
 o - a potion of mutation {unknown}
 p - a potion of lignification {unknown}
 s - a potion of attraction {unknown}


   Skills:
 + Level 3.0 Fighting
 - Level 2.0 Maces & Flails
 - Level 0.8 Throwing
 - Level 2.1 Dodging
 + Level 2.5 Spellcasting
 * Level 4.1 Translocations


You had 6 spell levels left.
You knew the following spells:

 Your Spells              Type           Power      Damage    Failure   Level
a - Blink                 Tloc           28%        N/A       8%          2

Your spell library contained the following spells:

 Spells                   Type           Power      Damage    Failure   Level
 Lesser Beckoning         Tloc           28%        N/A       16%         3
 Teleport Other           Tloc           14%        N/A       16%         3
 Vhi's Electric Charge    Tloc/Air       16%        N/A       36%         3
 Scorch                   Fire           2%         2d5       41%         2
 Manifold Assault         Tloc           14%        N/A       45%         4
 Flame Wave               Conj/Fire      1%         2d4       96%         4
 Summon Cactus Giant      Summ           0%         N/A       100%        6


Dungeon Overview and Level Annotations

Branches:
Dungeon (3/15)

Altars:
Vehumet

Annotations:
D:1 2 transporters


Innate Abilities, Weirdness & Mutations

Your plain brown scales are hard. (AC +5)
You cannot fit into any form of body armour.
You are cold-blooded and may be slowed by cold attacks.


Message History

Beogh smites you!
* * * LOW HITPOINT WARNING * * *
You closely miss something.
The orc throws a stone.
The stone barely misses you. Something hits you.
* * * LOW HITPOINT WARNING * * *
The orc priest miscasts a cantrip.
Something hits you but does no damage.
Unknown command.
You hit something but do no damage.
Your tail-slap misses something.
Something hits you.
* * * LOW HITPOINT WARNING * * *
Unknown command.
You hit something. Something hits you.
* * * LOW HITPOINT WARNING * * *
Unknown command.
Okay, then.
You closely miss something.
You hear some strange, mumbled words.
Something tries to affect you, but you resist.
You hear some strange, mumbled words.
You are confused.
Unknown command.
You bump into the rock wall.
Something hits you but does no damage.
Unknown command.
You bump into the rock wall.
Something hits you but does no damage.
The orc throws a stone.
The stone closely misses you.
You miss something.
Your tail-slap misses something.
You hear some strange, mumbled words.
A magic dart appears from out of thin air!
The magic dart hits you.
* * * LOW HITPOINT WARNING * * *
The orc priest mumbles some strange prayers to Beogh against you.
Beogh smites you!
* * * LOW HITPOINT WARNING * * *
It was a potion of flight.
You feel very buoyant.
You fly up into the air.
You feel less confused. Something hits you.
You die...

#.......# #####
#.o.....# #....
#.o.....# #....
#........
#.....###........
#........o.......
#.... #........
+....####........
#..(.@{ooo.......
#....####†.......
...................
###########........
#.....#####+##
#.###.# ## #.# #.#
.. #.# #.. # #.#
####


You could see an orc priest and 2 orcs.

Vanquished Creatures
  2 adders (D:2)
  A worm (D:2)
  4 dart slugs
  A bat (D:1)
  3 endoplasms (D:2)
  6 giant cockroaches
  3 goblins
  2 hobgoblins (D:2)
  4 kobolds
  3 quokkas
  5 ball pythons
  3 frilled lizards
  2 rats (D:1)
39 creatures vanquished.

Notes
Turn   | Place    | Note
-------+----------+-------------------------------------------
     0 | D:1      | PyroL the Draconian Warper began the quest for the Orb.
     0 | D:1      | Reached XP level 1. HP: 17/17 MP: 3/3
   258 | D:1      | Reached XP level 2. HP: 25/25 MP: 5/5
   261 | D:1      | Learned a level 2 spell: Blink
   953 | D:2      | Reached XP level 3. HP: 23/30 MP: 6/6
  1179 | D:2      | Reached skill level 4 in Translocations
  1227 | D:2      | Found a radiant altar of Vehumet.
  1636 | D:3      | Reached XP level 4. HP: 38/38 MP: 7/7
  1700 | D:3      | Slain by an orc wizard

Illustrated notes

Levels and vault maps discovered:
D:1:      spicycebolla_arrival_transporter_tutorial, layout_basic, minmay_cupped
D:2:      layout_basic, basic_altar
D:3:      layout_basic

Skill      XL: |  1  2  3 |
---------------+----------+-----
Translocations | 4 |  4.1
Fighting       | 3 |  3.0
Maces & Flails | |  2.0
Throwing       | |  0.8
Dodging        | |  2.1
Spellcasting   | |  2.5

Action                   |  1- 3 |  4- 6 || total
-------------------------+-------+-------++-------
Melee: Mace              |   177 |    19 ||   196
       Tailslap          |    15 |       ||    15
       Punch             |     1 |       ||     1
  Use: Scroll            |     1 |       ||     1
       Potion            |       |     1 ||     1
Armor: Skin              |    75 |    12 ||    87
Dodge: Dodged            |   126 |    11 ||   137
Block: Buckler           |    17 |     2 ||    19

Table legend: (Time is in decaauts)
 A = Elapsed time spent in this place.
 B = Non-inter-level travel time spent in this place.
 C = Inter-level travel time spent in this place.
 D = Time resting spent in this place.
 E = Time spent auto-exploring this place.
 F = Levels seen in this place.
 G = Mean time per level.
                   A        B        C        D        E       F      G
               +--------+--------+--------+--------+--------+-----+--------+
         Total |   1775 |   1702 |     73 |     40 |   1152 |   3 |  591.7 |
       Dungeon |   1775 |   1702 |     73 |     40 |   1152 |   3 |  591.7 |
               +--------+--------+--------+--------+--------+-----+--------+

Top non-repeatable levels by time:
     D:2: 953 daAuts
     D:1: 588 daAuts
     D:3: 233 daAuts
